 Dungeon Crawl Stone Soup version 0.26.0-20-g3ca415f5b8 (webtiles) character file.

Game seed: 9302614839661096195

13 kaeus the Firebug (level 2, -1/15 HPs)
             Began as a Gargoyle Fire Elementalist on Jan 25, 2021.
             Slain by a goblin
             ... wielding a +0 club
              (5 damage)
             ... on level 1 of the Dungeon.
             The game lasted 00:00:24 (241 turns).

kaeus the Firebug (Gargoyle Fire Elementalist)       Turns: 241, Time: 00:00:25

Health: -1/15      AC:  4    Str: 11    XL:     2   Next: 37%
Magic:  0/5        EV: 12    Int: 15    God:
Gold:   12         SH:  0    Dex: 10    Spells: 4/5 levels left

rFire    . . .     SeeInvis .   c - +0 club
rCold    . . .     Faith    .   (no shield)
rNeg     + . .     Spirit   .   a - +0 robe
rPois    ∞         Reflect  .   (no helmet)
rElec    +         Harm     .   (no cloak)
rCorr    .         Rampage  .   (no gloves)
Will     .....                  (no boots)
Stlth    ++........             (no amulet)
HPRegen  0.05/turn              (no ring)
MPRegen  0.09/turn              (no ring)

@: no status effects
A: negative energy resistance 1, electricity resistance, unbreathing,
petrification resistance, miasma immunity, AC +2
a: no special abilities


You were on level 1 of the Dungeon.
You visited 1 branch of the dungeon, and saw 1 of its levels.

You collected 12 gold pieces.

Inventory:

Hand Weapons
 c - a +0 club (weapon)
Armour
 a - a +0 robe (worn)
 f - a +0 leather armour
Scrolls
 e - a scroll of amnesia {unknown}
Potions
 b - 2 potions of heal wounds {unknown}
 d - a potion of haste {unknown}


   Skills:
 - Level 1.5 Dodging
 - Level 2.1 Stealth
 + Level 2.1 Spellcasting
 * Level 1.8 Conjurations
 * Level 3.3 Fire Magic


You had 4 spell levels left.
You knew the following spells:

 Your Spells              Type           Power        Failure   Level
a - Foxfire               Conj/Fire      36%          8%          1

Your spell library contained the following spells:

 Spells                   Type           Power        Failure   Level
 Conjure Flame            Conj/Fire      9%           22%         3
 Inner Flame              Hex/Fire       6%           32%         3
 Sticky Flame             Conj/Fire      9%           58%         4
 Fireball                 Conj/Fire      4%           91%         5


Dungeon Overview and Level Annotations

Branches:
Dungeon (1/15)

Altars:


Innate Abilities, Weirdness & Mutations

You are resistant to torment.
Your stone body is resilient. (AC +2)
You are immune to poison.
You resist negative energy. (rN+)
You are resistant to electric shocks. (rElec)
You can survive without breathing.
You are immune to petrification.
You are immune to miasma.


Message History

The jackal bites you but does no damage.
The jackal barely misses you. The jackal misses you.
The jackal bites you but does no damage.
The goblin hits you but does no damage. The jackal misses you.
Casting: Foxfire (safe; 8% risk of failure)
Confirm with . or Enter, or press ? or * to list all spells.
Okay, then.
You barely miss the jackal.
The jackal is almost dead.
The jackal completely misses you. The jackal closely misses you.
The jackal bites you. The goblin hits you but does no damage.
The jackal bites you. x2
* * * LOW HITPOINT WARNING * * *
The jackal misses you.
You take 5 damage, and have 4/15 hp.
MASSIVE DAMAGE!!
You hit the jackal.
You kill the jackal!
The jackal bites you but does no damage. x2
The goblin hits you with a +0 club.
You die...

#..........# # #..........#
# #..........# #
#..........# # #..........#
### ##.....(....########
#..
#........####......######.#
#...................#.....#
#.........@h...............
#......#.h†g.....†>†.......
########...................
#.†.................
#...........†.......
#)..................
...........).........
....................#
...............>###.##


You could see 2 jackals and a goblin.

Vanquished Creatures
  3 bats (D:1)
  2 goblins (D:1)
  2 hobgoblins (D:1)
  2 jackals (D:1)
  A kobold (D:1)
  A frilled lizard (D:1)
  A rat (D:1)
12 creatures vanquished.

Vanquished Creatures (others)
  20 foxfires (D:1)
20 creatures vanquished.

Grand Total: 32 creatures vanquished

Notes
Turn   | Place    | Note
-------+----------+-------------------------------------------
     0 | D:1      | kaeus the Gargoyle Fire Elementalist began the quest for
                  | the Orb.
     0 | D:1      | Reached XP level 1. HP: 10/10 MP: 3/3
   125 | D:1      | Reached XP level 2. HP: 15/15 MP: 0/5
   241 | D:1      | Slain by a goblin

Illustrated notes

Levels and vault maps discovered:
D:1:      roderic_crop_circles_arrival_small, layout_rooms

Action                   || total
-------------------------++-------
Melee: Club              ||    14
 Cast: Foxfire           ||    13
Armor: Robe              ||    15
Dodge: Dodged            ||    29
